 Dungeon Crawl Stone Soup version 0.31-a0-152-g6aa68a64a1 (webtiles) character file.

Game seed: 13332228972795009148

77 qw the Chopper (level 4, -1/28 HPs)
             Began as a Gargoyle Fighter on June 10, 2023.
             Slain by a gnoll
             ... wielding a +0 club
              (3 damage)
             ... on level 2 of the Dungeon.
             The game lasted 00:00:34 (988 turns).

qw the Chopper (Gargoyle Fighter)                    Turns: 988, Time: 00:00:35

Health: -1/28      AC: 11    Str: 22    XL:     4   Next: 34%
Magic:  4/4        EV:  9    Int:  8    God:
Gold:   53         SH:  4    Dex:  9    Spells: 3/3 levels left

rFire   . . .        Y - +0 war axe
rCold   . . .        c - +0 buckler
rNeg    + . .        b - +0 scale mail
rPois   inf          (no helmet)
rElec   +            (no cloak)
rCorr   .            (no gloves)
SInv    .            e - +0 pair of boots
Will    .....        (no amulet) Stlth
                     (no ring)
HPRegen 0.24/turn    (no ring)
MPRegen 0.09/turn

%: no passive effects
@: no status effects
A: sickness immunity, AC +3, negative energy resistance 1, electricity
resistance, torment resistance 1, petrification resistance
a: no special abilities


You were on level 2 of the Dungeon.
You visited 1 branch of the dungeon, and saw 2 of its levels.

You collected 53 gold pieces.


Innate Abilities, Weirdness & Mutations

You are immune to sickness and miasma.
Your stone body is resilient. (AC +3)
You are immune to poison.
You resist negative energy. (rN+)
You are resistant to electric shocks. (rElec)
You are resistant to unholy torment.
You are immune to petrification.


   Skills:
 - Level 3.2 Fighting
 + Level 3.8 Axes
 - Level 1.0 Throwing
 - Level 3.2 Armour
 - Level 3.2 Shields


You had 3 spell levels left.
You didn't know any spells.
Your spell library was empty.

Inventory:

Hand Weapons
 k - a +0 morningstar
 Y - a +0 war axe (weapon)
Missiles
 a - 3 javelins
Armour
 b - a +0 scale mail (worn)
 c - a +0 buckler (worn)
 e - a +0 pair of boots (worn)
Scrolls
 g - a scroll of identify
Potions
 d - a potion of might
 f - a potion of heal wounds {unknown}
 h - a potion of cancellation

Dungeon Overview and Level Annotations

Branches:
Dungeon (2/15)

Altars:

Annotations:
D:2 Robin


Message History

You slash the gnoll! You hit the goblin.
You kill the goblin!
You hit the goblin. The gnoll hits you with a +0 flail.
Robin hits you but does no damage.
The goblin hits you but does no damage. x2
You hit the gnoll.
You kill the gnoll!
You hit the gnoll. You barely miss the goblin. You closely miss the goblin.
The gnoll hits you with a +0 club. The goblin barely misses you. x2
Robin hits you but does no damage.
You have reached level 4!
You feel stronger.
You slash the goblin!
You kill the goblin!
You closely miss the goblin. You closely miss the gnoll.
The gnoll hits you but does no damage. Robin hits you but does no damage.
You block the goblin's attack. The goblin misses you.
A gnoll comes into view. It is wielding a +0 club.
You block Robin's attack. The gnoll hits you but does no damage.
The gnoll shouts!
You slash the goblin!
You kill the goblin!
You slash the gnoll! You block the gnoll's attack. You block Robin's attack.
You hit the gnoll.
You kill the gnoll!
Robin hits you from afar with a +0 spear.
Robin hits you but does no damage. You block the gnoll's attack.
You hit the gnoll.
The gnoll is moderately wounded.
The gnoll hits you with a +0 flail. Robin barely misses you.
You closely miss the gnoll.
The gnoll is moderately wounded.
You barely miss the gnoll. The gnoll closely misses you.
The gnoll hits you with a +0 flail! You block Robin's attack.
You hit the gnoll.
The gnoll is severely wounded.
You hit the gnoll. The gnoll hits you with a +0 club.
You die...

#...#####.# #.........#
#..?##....# #.........#
##...##....# #.........#
#.....)%...## #.........#
#....###...#. #.........#
#.....##...#.####.........#
#####.##..................#
#<..####...)))........(.#
##### #...)@)..#########
.$...g)gg..# .##........#
#.......... ...###....##.#
.... ...... . ... .......
#. .....#..


You could see Robin and 2 gnolls.

Vanquished Creatures
  3 gnolls
  2 dart slugs (D:1)
  4 ball pythons (D:1)
  4 bats
  3 endoplasms
  12 goblins
  5 hobgoblins
  2 frilled lizards (D:1)
  5 kobolds
40 creatures vanquished.

Notes
Turn   | Place    | Note
-------+----------+-------------------------------------------
     0 | D:1      | qw the Gargoyle Fighter began the quest for the Orb.
     0 | D:1      | Reached XP level 1. HP: 14/14 MP: 1/1
     0 | D:1      | 0 ||| qw: Version: 0.2-a-29-g0080da8
     0 | D:1      | 0 ||| qw: Game counter: 3835
     0 | D:1      | 0 ||| qw: Always use a shield: true
     0 | D:1      | 0 ||| qw: God list: Okawaru
     0 | D:1      | 0 ||| qw: Allow faded altars: false
     0 | D:1      | 0 ||| qw: Do Orc after D:15 true
     0 | D:1      | 0 ||| qw: Do second Lair branch before Depths: true
     0 | D:1      | 0 ||| qw: Lair rune preference: random
     0 | D:1      | 0 ||| qw: Plans: Normal, Zot:1-4, Slime:5, God:TSO, Crypt,
                  | Tomb, Abyss, Pan, Hells, Win
     0 | D:1      | 0 ||| PLANNING D:1-11
    41 | D:1      | 41 ||| Stepping ~*~*~tactically~*~*~ (hiding).
    97 | D:1      | Reached XP level 2. HP: 19/19 MP: 2/2
   164 | D:1      | Found a faded altar of an unknown god.
   218 | D:1      | 218 ||| Stepping ~*~*~tactically~*~*~ (hiding).
   237 | D:1      | 237 ||| Stepping ~*~*~tactically~*~*~ (stealth).
   323 | D:1      | Reached skill level 3 in Axes
   348 | D:1      | 348 ||| Stepping ~*~*~tactically~*~*~ (hiding).
   357 | D:1      | Reached XP level 3. HP: 22/23 MP: 3/3
   564 | D:1      | 564 ||| Stepping ~*~*~tactically~*~*~ (hiding).
   601 | D:1      | 601 ||| Stepping ~*~*~tactically~*~*~ (hiding).
   602 | D:1      | 602 ||| Stepping ~*~*~tactically~*~*~ (hiding).
   823 | D:1      | 823 ||| UPGRADING to +0 pair of boots.
   828 | D:1      | 828 ||| READING scroll labelled IHUJYIFFIE.
   829 | D:1      | 829 ||| READING scroll labelled ORUAST XOMOINUL.
   830 | D:1      | 830 ||| READING scroll labelled SUUVISSERI.
   831 | D:1      | 831 ||| READING scroll labelled XEIT IMMIURAU.
   832 | D:1      | 832 ||| DRINKING 2 yellow potions.
   972 | D:2      | Noticed Robin
   981 | D:2      | Reached skill level 1 in Throwing
   983 | D:2      | Reached XP level 4. HP: 15/28 MP: 4/4
   987 | D:2      | HP: 1/28 [gnoll/+0 flail (7)]
   988 | D:2      | Slain by a gnoll

Levels and vault maps discovered:
D:1:      lightli_arrival_boilingwater, layout_loops_cross,
          shapermc_ecumenical_altar_notcrosses, kennysheep_boxes
D:2:      layout_basic, minivault_27, kennysheep_decorative_pillar,
          amcnicky_mini_rare_corridor_liquid, minmay_mini_jars, uniq_robin

Skill      XL: |  1  2  3 |
---------------+----------+-----
Axes           | 2 3 |  3.8
Throwing       | 1 |  1.0
Fighting       | |  3.2
Armour         | |  3.2
Shields        | |  3.2

Action                     |  1- 3 |  4- 6 || total
---------------------------+-------+-------++-------
  Melee: War axe           |    80 |     6 ||    86
    Use: Scroll            |     4 |       ||     4
         Potion            |     1 |       ||     1
 Armour: Scale mail        |    68 |     4 ||    72
  Dodge: Dodged            |    49 |     3 ||    52
  Block: Buckler           |    21 |     6 ||    27

Table legend:
 A = Non-vault XP
 B = Vault XP
 C = Vault XP percentage of total XP
 D = Non-vault monster count
 E = Vault monster count
 F = Vault count percentage of total count
                 A         B        C        D         E       F
            +---------+---------+-------+---------+---------+-------
      Total |      86 |      25 |  22.5 |      27 |      13 |  32.5
            +---------+---------+-------+---------+---------+-------
        D:1 |      51 |       0 |   0.0 |      21 |       0 |   0.0
        D:2 |      35 |      25 |  41.7 |       6 |      13 |  68.4
            +---------+---------+-------+---------+---------+-------
